 Dungeon Crawl Stone Soup version 0.19-a0-1168-g98094fc (webtiles) character file.

157074 Sixotanaka the Basher (level 16, -11/151 HPs)
             Began as a Deep Dwarf Necromancer on Aug 13, 2016.
             Was the Champion of Makhleb.
             Mangled by a spark wasp (15 damage)
             ... on level 4 of the Spider Nest on Aug 14, 2016.
             The game lasted 02:19:12 (31441 turns).

Sixotanaka the Basher (Deep Dwarf Necromancer)     Turns: 31441, Time: 02:19:13

Health: -11/151    AC: 16    Str: 16      XL:     16   Next: 84%
Magic:  2/21       EV: 21    Int: 18      God:    Makhleb [******]
Gold:   549        SH:  7    Dex: 14 (16) Spells: 8 memorised, 4 levels left

rFire  . . .     SeeInvis .     b - +0 flail of Ewoonky {pain, Str+4}
rCold  + . .     Gourm    .     D - +3 leather armour {rC+}
rNeg   + + .     Faith    .     j - +0 buckler
rPois  +         Spirit   .     A - +2 helmet
rElec  .         Dismiss  .     l - +1 cloak
rCorr  .         Reflect  .     t - +0 pair of gloves
MR     +++..     Harm     .     i - +1 pair of boots
Stlth  ++........               M - amulet "Kyd Yfuq" {RegenMP rPois rN+ Str-2}
                                B - +6 ring of slaying
                                W - +2 ring of protection

@: very slightly contaminated, non-regenerating
A: damage resistance, recharge devices, low mp 1, magic resistance 1, negative
energy resistance 1, sense surroundings 2, slow regeneration 3, subdued magic 1
a: Device Recharging, Minor Destruction, Lesser Servant of Makhleb, Major
Destruction, Greater Servant of Makhleb, Renounce Religion
}: 1/15 runes: gossamer


You were on level 4 of the Spider Nest.
You worshipped Makhleb.
Makhleb was exalted by your worship.
You were not hungry.

You visited 5 branches of the dungeon, and saw 28 of its levels.
You also visited: Labyrinth, Ossuary and Volcano.

You collected 2512 gold pieces.
You spent 1963 gold pieces at shops.


Innate Abilities, Weirdness & Mutations

You are resistant to damage.
You can recharge devices by infusing magical energy.
You resist negative energy. (rN+)
You passively map the area around you.
You do not regenerate naturally.
Your magical capacity is low. (-10% MP)
You are resistant to hostile enchantments. (MR+)
Your spells are a little easier to cast, but a little less powerful.


   Skills:
 - Level 11.6 Fighting
 - Level 14.7 Maces & Flails
 - Level 1.3 Armour
 * Level 14.7 Dodging
 - Level 2.4 Stealth
 - Level 11.3 Shields
 - Level 5.3 Spellcasting
 - Level 6.8 Conjurations
 + Level 13.6 Necromancy
 - Level 10.0 Evocations


You had 4 spell levels left.
You knew the following spells:

 Your Spells              Type           Power        Failure   Level  Hunger
c - Bolt of Draining      Conj/Necr      ####......   6%          5    ######.
d - Repel Missiles        Chrm/Air       #.....       24%         2    #......
s - Swiftness             Chrm/Air       #.......     24%         2    #......
u - Dispel Undead         Necr           #####...     1%          5    ######.
w - Sublimation of Blood  Necr           #####.....   1%          2    #......
x - Vampiric Draining     Necr           #####.....   1%          3    ##.....
y - Animate Skeleton      Necr           N/A          1%          1    None
z - Pain                  Necr           ####         1%          1    None


Dungeon Overview and Level Annotations

Branches:
Dungeon (15/15)            Temple (1/1) D:6            Lair (6/6) D:9
 Shoals (0/4) Lair:3       Spider (4/4) Lair:4        Slime (0/5) Lair:6
    Orc (2/2) D:12            Elf (0/3) Orc:2        Vaults (0/5) D:13
 Depths: D:15

Altars:
Elyvilon
Fedhas
Kikubaaqudgha
Makhleb
Uskayaw
Vehumet
Yredelemnul
Zin
The Shining One
Beogh
Jiyva

Shops:
D:6 :   D:9 }   D:11 *(:}[   D:12 *   D:15 (   Orc:1 (   Orc:2 ([((

Annotations:
D:3 Grinder
D:4 PurpleRed's ghost, amateur HuBe
D:15 exclusion: Roxanne, Frances; Roxanne
Lair:3 exclusion: oklob plant

Inventory:

Hand Weapons
 b - the +0 flail of Ewoonky (weapon) {pain, Str+4}
   (You took it off a minotaur in a labyrinth)

   In the hands of one skilled in necromantic magic, it inflicts extra damage on
   living creatures.
   It affects your strength (+4).
Missiles
 f - a throwing net {!f}
 O - 20 javelins (quivered)
Armour
 i - a +1 pair of boots (worn)
   (You found it on level 1 of the Dungeon)
 j - a +0 buckler (worn)
   (You found it on level 1 of the Dungeon)
 l - a +1 cloak (worn)
   (You found it on level 2 of the Dungeon)
 t - a +0 pair of gloves (worn)
   (You found it on level 1 of the Spider Nest)
 A - a +2 helmet (worn)
   (You found it on level 13 of the Dungeon)
 D - a +3 leather armour of cold resistance (worn)
   (You bought it in a shop on level 11 of the Dungeon)
Jewellery
 x - an uncursed ring of resist corrosion
   (You found it on level 3 of the Dungeon)
 B - a +6 ring of slaying (right hand)
   (You found it on level 3 of the Dungeon)
 M - the amulet "Kyd Yfuq" (around neck) {RegenMP rPois rN+ Str-2}
   (You took it off Blork the orc on level 6 of the Dungeon)

   [amulet of magic regeneration]

   It increases your magic regeneration.
   It affects your strength (-2).
   It protects you from poison.
   It protects you from negative energy.
 P - an uncursed ring of teleportation
   (You found it on level 6 of the Dungeon)
 R - an uncursed ring of see invisible
   (You found it on level 7 of the Dungeon)
 W - a +2 ring of protection (left hand)
   (You found it on level 8 of the Dungeon)
 X - an uncursed ring of protection from cold
   (You found it in a labyrinth)
Wands
 a - a wand of paralysis (5/24)
   (You found it on level 10 of the Dungeon)
 c - a wand of heal wounds (0/9) {@v2}
 N - a wand of lightning (8/15)
   (You found it in a labyrinth)
 Q - a wand of confusion (13/48)
   (You found it on level 5 of the Dungeon)
 Y - a wand of hasting (3/9) {@v3}
   (You found it on level 3 of the Lair of Beasts)
Scrolls
 g - 8 scrolls of immolation {!r}
 n - 9 scrolls of blinking
 q - 2 scrolls of enchant armour
 r - 3 scrolls of amnesia
 K - 4 scrolls of fog
 S - 9 scrolls of identify {@r1}
 T - 2 scrolls of holy word
 U - 6 scrolls of remove curse {@r2}
 V - a scroll of magic mapping
 Z - 4 scrolls of fear
Potions
 e - 2 potions of haste {@q3}
 h - 7 potions of agility
 k - a potion of invisibility
 m - 9 potions of curing {@q1}
 o - 4 potions of flight
 p - a potion of ambrosia
 u - 2 potions of might
 F - 2 potions of resistance
 G - 2 potions of magic
 J - 2 potions of berserk rage
 L - 5 potions of brilliance
Miscellaneous
 s - a phantom mirror
 v - a fan of gales
   (You found it on level 13 of the Dungeon)
 y - a lamp of fire
   (You found it on level 1 of the Lair of Beasts)
 E - a lamp of fire
   (You found it on level 13 of the Dungeon)
 H - a sack of spiders
Comestibles
 d - 20 bread rations {@e1}
 w - 56 fruits

##........#.#......#..#..
#....(..####...#.....#^..
####..§...###############..#
#.#.........#PPPPPPPPPP#.^.#
#.....†###.##..........#...#
##....^## ###..........#...^
#...s.s#####..........#^#†#
#.......##............#....
###...s.##@...........#....
##....<#y#........P.#....
###...[.s#..........#^.#.
##.##^..§##..........#....
#....^....#.PPPPPPPPP#....
#...[.#...############....
#####.^....#...^..#.......
##....#^.....###..†...
###........######....


You could see a spark wasp and a redback.


Message History

The jumping spider leaps!
The redback bites you! The tarantella bites you!
You are confused.
You're too confused to cast spells.
The jumping spider leaps!
The redback bites you but does no damage.
You barely miss the redback.
The jumping spider leaps!
The redback bites you but does no damage.
You bump into the rock wall.
You feel less confused. You block the redback's attack. The redback misses you.
The jumping spider leaps! x2
There is a stone staircase leading up, spattered with blood here.
The jumping spider leaps!
The spark wasp closely misses you.
Things that are here:
a hand axe; a leather armour
Aim: a tarantella (heavily wounded, lightly drained)
You miscast Bolt of Draining.
You are very lightly contaminated with residual magic.
Your bones ache.
The spark wasp stings you!! The spark wasp shocks you!
You block the redback's attack.
Aim: a redback (clinging)
The bolt of negative energy misses the spark wasp.
The bolt of negative energy hits the redback.
The redback is drained!
You block the spark wasp's attack. The spark wasp stings you.
The spark wasp shocks you!
Aim: a redback (heavily wounded, lightly drained, clinging)
The bolt of negative energy misses the spark wasp.
The bolt of negative energy misses the redback.
The spark wasp stings you! The spark wasp shocks you!
* * * LOW HITPOINT WARNING * * *
You bludgeon the spark wasp!!
The spark wasp writhes in agony.
The spark wasp stings you!
* * * LOW HITPOINT WARNING * * *
The spark wasp shocks you!
* * * LOW HITPOINT WARNING * * *
The spark wasp completely misses you.
You barely miss the spark wasp. The spark wasp misses you.
You bludgeon the spark wasp!! The spark wasp completely misses you.
You hit the spark wasp.
The spark wasp writhes in agony.
The spark wasp stings you!!
* * * LOW HITPOINT WARNING * * *
The spark wasp shocks you!
* * * LOW HITPOINT WARNING * * *
You hit the spark wasp but do no damage.
The spark wasp writhes in agony.
The jumping spider leaps!
The spark wasp stings you!!
* * * LOW HITPOINT WARNING * * *
The spark wasp shocks you!
You die...

Vault maps used:
D:1:      sevenhm_arrival_forest_fort_small_6, roderic_lattice_a,
          minmay_crystal_water
D:2:      nicolae_overflow_hidden_temple
D:3:      zin_statuary, guppyfry_early_lair_pool, uniq_grinder, uniq_jessica
D:4:      kennysheep_boxes, uniq_sigmund, uniq_duvessa
D:5:      old_standard_altar, first_bread, uniq_eustachio
D:6:      lightli_ossuary_entry_decrepit_ruins, serial_shops,
          nicolae_shop_stone, uniq_menkaure, uniq_prince_ribbit1,
          uniq_blork_the_orc
D:7:      old_standard_altar
D:8:      marbit_many_paths
D:9:      dpeg_lair_monsters, serial_shops, shop
D:10:     blue_anna_alchemist
D:11:     serial_shops, shop, nicolae_shop_statue_plus, kennysheep_mini_moat,
          nicolae_shop_behind_doors, shop
D:12:     david_orc_5, guppyfry_shop_blood
D:13:     david_vaults_4, basic_altar, einodemon_barbed_minivault, uniq_urug,
          uniq_snorg, uniq_erolcha
D:14:     minmay_misc_feat_room, basic_altar, uniq_frances, uniq_agnes,
          uniq_josephine
D:15:     gammafunk_enter_depths_forms, serial_shops, shop, uniq_roxanne
Temple:   compressed_dpeg_circular_temple
Lair:1:   st_stairs_5, grunt_megastairs_4
Lair:3:   elwin_shoals_entry_rooms, lab_entry_generic, lemuel_oklob_altar
Lair:4:   nicolae_spider_entry_orb_guardian, nicolae_volcano_entry_s_turn,
          grunt_forest_large_clearings, uniq_kirke
Lair:5:   pond_and_an_island_with_a_cottage
Lair:6:   hangedman_lair_in_review, slime_altar_2
Spider:1: spider_trap
Spider:2: spider_trap
Spider:3: uniq_jorgrun, uniq_arachne, uniq_mara
Spider:4: spider_rune_water, nicolae_looking_at_the_future
Orc:1:    serial_shops, shop
Orc:2:    grunt_orc_community_town_hall, grunt_orc_community_big_house_2,
          grunt_orc_community_big_house_1, grunt_orc_community_house_1,
          grunt_orc_community_house_3, grunt_orc_community_house_2,
          grunt_orc_community_house_3, grunt_orc_community_house_3,
          nicolae_orc_damp_corner
Lab:      labyrinth_spiral, nicolae_lab_swirl, lab_block, nicolae_lab_starburst
Ossuary:  ossuary_due_small_catacomb
Volcano:  volcano_overflow

Vanquished Creatures
  Saint Roka (Orc:2)
  Arachne (Spider:3)
  Jorgrun (Spider:3)
  Kirke (Lair:4)
  5 ghost moths
  4 emperor scorpions
  An entropy weaver (Spider:1)
  2 spark wasps
  The ghost of Lasiace the Basher, a journeyman OgHu of the Shining One (D:11)
  Snorg (D:13)
  A minotaur (Lab)
  Josephine (D:14)
  A rakshasa (D:15)
  Erolcha (D:12)
  4 hydras
  2 catoblepae
  5 centaur warriors
  6 death yaks
  Urug (D:13)
  An orc high priest (Orc:2)
  A shadow wraith (D:13)
  An unseen horror (D:15)
  A deep troll (D:13)
  9 hill giants
  A wizard (D:13)
  2 orc knights
  A lindwurm (Lair:6)
  6 ugly things
  15 orb spiders
  20 wolf spiders
  2 griffons
  2 deep elf magi
  An orc sorcerer (Orc:2)
  A necromancer (Lair:5)
  4 hornets
  A faun (Lair:4)
  A cyclops (D:13)
  A siren (Lair:3)
  5 black mambas
  8 elephants
  3 manticores
  A molten gargoyle (Volcano)
  4 orange demons (D:13)
  A centaur skeleton (D:14)
  A gargoyle (Volcano)
  2 torpor snails
  9 spiny frogs
  A yaktaur (shapeshifter) (D:15)
  8 komodo dragons
  A kobold demonologist (D:14)
  12 demonic crawlers
  A redback zombie (D:15)
  A queen bee (Spider:3)
  6 meliai
  7 trolls
  The ghost of alcopop the Covert, a novice SpAs (D:5)
  Prince Ribbit (D:5)
  A polar bear (Lair:6)
  21 jumping spiders
  3 two-headed ogres
  3 boulder beetles
  A slime creature (D:15)
  16 blink frogs
  47 redbacks
  Sigmund (D:4)
  5 wraiths
  2 shadows
  26 tarantellas
  39 yaks
  A golden eye (shapeshifter) (D:15)
  5 basilisks
  A fire elemental (Volcano)
  4 hogs (Lair:4)
  Eustachio (D:5)
  5 vampire mosquitoes
  8 hippogriffs
  2 steam dragons
  Menkaure (D:6)
  A mottled dragon (D:15)
  A swamp worm (Lair:6)
  3 wargs
  2 soldier ants
  9 water moccasins
  Duvessa (D:4)
  6 porcupines
  34 orc warriors
  2 sky beasts
  6 ice beasts
  7 wasps
  2 black bears
  An eye of draining (D:9)
  2 necrophages
  2 phantoms
  An elephant zombie (Lair:5)
  10 ogres
  17 wolves
  11 centaurs
  8 crocodiles
  A big kobold (D:10)
  13 giant frogs
  A komodo dragon zombie (Lair:5)
  Blork the orc (D:6)
  A water moccasin zombie (D:7)
  A wyvern skeleton (D:11)
  Dowan (D:4)
  7 scorpions
  8 wights
  16 killer bees
  5 electric eels
  6 howler monkeys
  4 crimson imps
  15 orc wizards
  A basilisk zombie (Lair:5)
  15 hounds
  17 orc priests
  5 jellies
  Jessica (D:3)
  2 giant frog skeletons
  8 iguanas
  7 worker ants
  2 sheep (Lair:6)
  A crocodile zombie (Lair:5)
  A hound skeleton (D:6)
  A worker ant zombie (D:6)
  13 mummies (Ossuary)
  16 adders
  4 gnolls (D:4)
  3 howler monkey skeletons
  25 river rats
  5 shadow imps
  5 oozes
  An adder zombie (D:5)
  2 worms
  2 dart slugs
  4 giant geckos
  86 orcs
  A ball python (D:3)
  4 bats
  4 giant cockroaches
  3 hobgoblins
  9 jackals
  8 quokkas
  A ball python skeleton (D:4)
  6 giant newts
  5 gnoll skeletons (Ossuary)
  6 goblins
  A goblin skeleton (Ossuary)
  5 kobolds
  2 orc skeletons (Ossuary)
  A quokka zombie (D:5)
  4 rats
  11 rat skeletons (Ossuary)
881 creatures vanquished.

Vanquished Creatures (collateral kills)
  Agnes (D:14)
  3 hydras
  A centaur warrior (D:14)
  A wolf spider zombie (D:15)
  An orc sorcerer (Orc:2)
  9 elephants (Lair:6)
  3 centaur skeletons
  2 black mambas
  3 spiny frogs (Lair:2)
  A komodo dragon (Lair:4)
  A polar bear (Lair:6)
  3 blink frogs (Lair:6)
  A vampire (D:9)
  5 yaks
  A hog (Lair:4)
  A basilisk (D:15)
  A hippogriff (Lair:6)
  A water moccasin (Lair:6)
  A porcupine (Lair:2)
  2 orc warriors
  A wasp (D:13)
  2 phantoms
  A wolf (Lair:6)
  A centaur (D:13)
  A crocodile (Lair:1)
  A giant frog (Lair:2)
  5 scorpions
  A killer bee (D:11)
  A jelly (D:11)
  2 orc wizards (Orc:2)
  12 river rats
  3 orcs
  A rat (D:9)
  2 fungi (Lair:6)
  2 plants
78 creatures vanquished.

Vanquished Creatures (others)
  A wolf spider (Spider:4)
  An elephant (Lair:6)
  A redback (Spider:4)
  A killer bee (Spider:4)
  16 fungi
  22 plants
42 creatures vanquished.

Grand Total: 1001 creatures vanquished

Table legend:
 A = Turns spent in this place as a percentage of turns spent in the entire game.
 B = Non-inter-level travel turns spent in this place as a percentage of non-inter-level travel turns spent in the entire game.
 C = Inter-level travel turns spent in this place as a percentage of turns spent in this place.
 D = Turns resting spent in this place as a percentage of non-inter-level travel turns spent in this place.
 E = Turns spent auto-exploring this place as a percentage of non-inter-level travel turns spent in this place.
 F = Non-inter-level travel turns spent in this place divided by the number of levels of this place that you've seen.
                   A       B       C       D       E      F
               +-------+-------+-------+-------+-------+----------------------
         Total | 100.0 | 100.0 |   0.4 |   3.0 |   7.6 | 437.8
       Dungeon |  43.9 |  43.8 |   0.6 |   3.6 |   9.8 | 396.3
        Temple |   0.0 |   0.0 |   0.0 |   0.0 |   0.0 |   1.0
          Lair |  26.2 |  26.1 |   0.5 |   1.2 |   5.5 | 591.3
   Spider Nest |  17.9 |  18.0 |   0.2 |   6.0 |   7.0 | 609.2
  Orcish Mines |   6.0 |   6.0 |   0.2 |   1.0 |   9.2 | 409.5
     Labyrinth |   2.3 |   2.3 |   0.0 |   1.3 |   0.0 | 308.0
       Ossuary |   2.0 |   2.0 |   0.0 |   0.0 |   0.0 | 273.0
       Volcano |   1.8 |   1.8 |   0.0 |   0.0 |   0.0 | 241.0
               +-------+-------+-------+-------+-------+----------------------

Table legend:
 A = Kills in this place as a percentage of kills in entire the game.
 B = Kills by you in this place as a percentage of kills by you in the entire game.
 C = Kills by friends in this place as a percentage of kills by friends in the entire game.
 D = Other kills in this place as a percentage of other kills in the entire game.
 E = Experience gained in this place as a percentage of experience gained in the entire game.
 F = Experience gained in this place divided by the number of levels of this place that you have seen.
                   A       B       C       D       E      F
               +-------+-------+-------+-------+-------+----------------------
         Total | 100.0 | 100.0 | 100.0 | 100.0 | 100.0 | 6639.4
       Dungeon |  42.8 |  43.3 |  39.2 |   0.0 |  30.2 | 4141.0
          Lair |  24.3 |  21.7 |  55.4 |  25.0 |  25.9 | 8875.5
   Spider Nest |  18.8 |  20.1 |   0.0 |  75.0 |  36.6 | 18816.8
  Orcish Mines |  10.4 |  10.9 |   5.4 |   0.0 |   6.2 | 6406.5
     Labyrinth |   0.1 |   0.1 |   0.0 |   0.0 |   0.5 | 1085.0
       Ossuary |   3.2 |   3.5 |   0.0 |   0.0 |   0.1 | 248.0
       Volcano |   0.3 |   0.3 |   0.0 |   0.0 |   0.5 | 1039.0
               +-------+-------+-------+-------+-------+----------------------

Notes
Turn   | Place    | Note
-------+----------+-------------------------------------------
     0 | D:1      | Sixotanaka the Deep Dwarf Necromancer began the quest for the Orb.
     0 | D:1      | Reached XP level 1. HP: 15/15 MP: 3/3
   352 | D:1      | Reached XP level 2. HP: 20/22 MP: 0/4
   763 | D:1      | Reached skill level 5 in Necromancy
  1703 | D:2      | Reached XP level 3. HP: 12/28 MP: 1/5
  1786 | D:2      | Learned a level 3 spell: Vampiric Draining
  2617 | D:3      | Reached skill level 6 in Necromancy
  2715 | D:3      | Reached XP level 4. HP: 34/36 MP: 0/6
  2813 | D:3      | Noticed Grinder
  3013 | D:3      | Found a glowing silver altar of Zin.
  3055 | D:3      | Noticed Jessica
  3060 | D:3      | Killed Jessica
  3060 | D:3      | Reached skill level 1 in Fighting
  3137 | D:4      | Reached skill level 2 in Fighting
  3186 | D:4      | Reached skill level 1 in Maces & Flails
  3186 | D:4      | Reached XP level 5. HP: 33/45 MP: 4/7
  3282 | D:4      | Reached skill level 2 in Maces & Flails
  3452 | D:4      | Noticed PurpleRed's ghost (amateur HuBe)
  3549 | D:4      | Noticed Dowan
  3568 | D:4      | Killed Dowan
  3568 | D:4      | Reached skill level 3 in Maces & Flails
  3602 | D:5      | Entered Level 5 of the Dungeon
  3652 | D:5      | Reached XP level 6. HP: 46/52 MP: 1/8
  3655 | D:5      | Noticed alcopop's ghost (novice SpAs)
  3741 | D:4      | HP: 10/52 [poisoned by alcopop's ghost]
  3745 | D:4      | Gained mutation: Your magical capacity is low. (-10% MP) [potion of mutation]
  3745 | D:4      | Gained mutation: You are resistant to hostile enchantments. (MR+) [potion of mutation]
  3745 | D:4      | Gained mutation: Your spells are a little easier to cast, but a little less powerful. [potion of mutation]
  3804 | D:4      | Noticed Duvessa
  3812 | D:4      | HP: 3/52 [Duvessa/rapier (13)]
  3823 | D:4      | Killed Duvessa
  3823 | D:4      | Reached skill level 4 in Maces & Flails
  3933 | D:4      | Noticed Sigmund
  3937 | D:4      | HP: 9/52 [Sigmund/scythe (12)]
  3944 | D:4      | Killed Sigmund
  3944 | D:4      | Reached skill level 5 in Maces & Flails
  3944 | D:4      | Reached XP level 7. HP: 23/60 MP: 1/8
  4244 | D:4      | Reached skill level 6 in Maces & Flails
  5305 | D:5      | Noticed Eustachio
  5344 | D:5      | Killed Eustachio
  5344 | D:5      | Reached skill level 7 in Maces & Flails
  5404 | D:5      | Found a burning altar of Makhleb.
  5411 | D:5      | Became a worshipper of Makhleb the Destroyer
  5675 | D:5      | Killed alcopop's ghost
  5675 | D:5      | Reached skill level 8 in Maces & Flails
  5675 | D:5      | Reached XP level 8. HP: 67/67 MP: 9/9
  5764 | D:5      | Got a jewelled leather armour
  5775 | D:5      | Identified the +2 leather armour "Gofuifif" {SInv} (You found it on level 5 of the Dungeon)
  5906 | D:5      | Reached skill level 9 in Maces & Flails
  6461 | D:6      | Noticed Prince Ribbit
  6493 | D:5      | Killed Prince Ribbit
  6493 | D:5      | Reached skill level 10 in Maces & Flails
  6648 | D:6      | Reached * piety under Makhleb
  6793 | D:6      | Noticed Menkaure
  6812 | D:6      | Killed Menkaure
  6812 | D:6      | Gained mutation: You passively map the area around you. [Deep Dwarf growth]
  6812 | D:6      | Reached XP level 9. HP: 37/73 MP: 10/10
  6972 | D:6      | Found Patiofue's Book Boutique.
  7071 | D:6      | Reached skill level 11 in Maces & Flails
  7176 | D:6      | Found a sand-covered staircase.
  7184 | D:6      | Found a staircase to the Ecumenical Temple.
  7186 | Ossuary  | Entered an ossuary
  7362 | Ossuary  | Reached ** piety under Makhleb
  7484 | D:6      | Noticed Blork the orc
  7535 | D:6      | Killed Blork the orc
  7537 | D:6      | Got an ancient ruby amulet
  7616 | Temple   | Entered the Ecumenical Temple
  7681 | D:6      | Identified the amulet "Kyd Yfuq" {RegenMP rPois rN+ Str-2} (You took it off Blork the orc on level 6 of the Dungeon)
  7891 | D:6      | Reached skill level 12 in Maces & Flails
  8046 | D:6      | Learned a level 1 spell: Animate Skeleton
  8097 | D:7      | Reached skill level 1 in Shields
  8115 | D:7      | Reached skill level 2 in Spellcasting
  8263 | D:7      | Reached skill level 2 in Shields
  8415 | D:7      | Reached skill level 3 in Shields
  8450 | D:7      | Found a radiant altar of Vehumet.
  8463 | D:7      | Reached skill level 4 in Shields
  8523 | D:7      | Reached *** piety under Makhleb
  8578 | D:7      | Reached skill level 3 in Spellcasting
  9033 | D:8      | Noticed a troll
  9158 | D:8      | Reached skill level 3 in Dodging
  9206 | D:8      | Reached XP level 10. HP: 70/80 MP: 13/13
  9293 | D:8      | Reached skill level 4 in Dodging
  9295 | D:8      | Found a glowing golden altar of the Shining One.
  9363 | D:8      | Reached skill level 4 in Spellcasting
  9859 | D:9      | Reached skill level 5 in Dodging
  9916 | D:9      | Found Ofoca's Gadget Shoppe.
  9930 | D:9      | Found a staircase to the Lair.
 10240 | D:9      | Reached skill level 5 in Spellcasting
 10246 | D:9      | Reached skill level 6 in Dodging
 10278 | D:9      | Reached **** piety under Makhleb
 10278 | D:9      | Reached skill level 7 in Dodging
 10437 | D:9      | Reached skill level 1 in Evocations
 10681 | D:9      | Reached skill level 2 in Evocations
 10700 | D:9      | Reached skill level 8 in Dodging
 10802 | D:9      | Reached skill level 3 in Evocations
 10862 | D:10     | Entered Level 10 of the Dungeon
 10927 | Lair:1   | Entered Level 1 of the Lair of Beasts
 10953 | Lair:1   | Noticed an eight-headed hydra
 10984 | Lair:2   | Noticed a spiny frog
 10985 | Lair:2   | Reached skill level 4 in Evocations
 10985 | Lair:2   | Reached XP level 11. HP: 74/86 MP: 17/17
 11081 | Lair:2   | Reached skill level 5 in Evocations
 11197 | Lair:2   | Reached skill level 9 in Dodging
 11351 | Lair:2   | Reached skill level 6 in Evocations
 11446 | Lair:2   | Noticed a five-headed hydra
 11705 | Lair:1   | Reached skill level 7 in Evocations
 11718 | Lair:1   | HP: 18/86 [hippogriff (4)]
 12013 | Lair:1   | Reached ***** piety under Makhleb
 12013 | Lair:1   | Reached skill level 10 in Dodging
 12128 | Lair:1   | Reached skill level 8 in Evocations
 12696 | Lair:3   | Upgraded the game from 0.19-a0-1153-g63c3caf to 0.19-a0-1168-g98094fc
 12773 | Lair:3   | Found a blossoming altar of Fedhas.
 12773 | Lair:3   | Noticed an oklob plant
 12855 | Lair:3   | Reached skill level 9 in Evocations
 12869 | Lair:3   | Reached skill level 11 in Dodging
 12910 | Lair:3   | Found a labyrinth entrance.
 12917 | Lab      | Entered a labyrinth
 13144 | Lab      | Noticed a minotaur
 13169 | Lab      | HP: 19/86 [minotaur/translucent flail {pain} (3)]
 13171 | Lab      | HP: 8/86 [minotaur/translucent flail {pain} (10)]
 13183 | Lab      | Killed a minotaur
 13183 | Lab      | Reached skill level 10 in Evocations
 13190 | Lab      | Got a translucent flail {pain}
 13191 | Lab      | Identified the +0 flail of Ewoonky {pain, Str+4} (You took it off a minotaur in a labyrinth)
 13234 | Lab      | Got a coiled turquoise ring
 13240 | Lab      | Learned a level 2 spell: Repel Missiles
 13257 | Lab      | Learned a level 2 spell: Swiftness
 13261 | Lab      | Got a pitted rapier
 13263 | Lab      | Identified the ring "Zaorur" {Ice Str+4} (You found it in a labyrinth)
 13267 | Lab      | Got a transparent dagger
 13283 | Lair:3   | Identified the +4 rapier of Disgust {freeze, Str+4} (You found it in a labyrinth)
 13284 | Lair:3   | Identified the cursed +1 dagger of Deformation {speed, rF++ rC- Str+2 Stlth+} (You found it in a labyrinth)
 13341 | Lair:3   | Reached XP level 12. HP: 70/93 MP: 17/17
 13719 | Lair:3   | Found a staircase to the Shoals.
 13926 | Lair:4   | Noticed a four-headed hydra
 13963 | Lair:4   | Noticed a death yak
 14000 | Lair:4   | Noticed a death yak
 14124 | Lair:4   | Found a hole to the Spider Nest.
 14151 | Lair:4   | Reached skill level 7 in Necromancy
 14208 | Lair:4   | Found a dark tunnel.
 14213 | Volcano  | Entered a volcano
 14708 | Lair:4   | Reached skill level 8 in Necromancy
 14918 | Lair:4   | Noticed a death yak
 14963 | Lair:5   | Reached skill level 13 in Maces & Flails
 15071 | Lair:5   | Reached skill level 9 in Necromancy
 15153 | Lair:5   | Noticed a six-headed hydra
 15162 | Lair:5   | Killed a six-headed hydra
 15635 | Lair:5   | Identified a scroll of acquirement
 15667 | Lair:6   | Entered Level 6 of the Lair of Beasts
 15790 | Lair:6   | Reached skill level 10 in Necromancy
 16075 | Lair:6   | Reached ****** piety under Makhleb
 16114 | Lair:6   | Reached XP level 13. HP: 94/99 MP: 18/18
 16374 | Lair:6   | Reached skill level 14 in Maces & Flails
 16498 | Lair:6   | Reached skill level 11 in Necromancy
 16949 | Lair:6   | Found a runed door.
 16951 | Lair:6   | Found a viscous altar of Jiyva.
 16955 | Lair:6   | Found a staircase to the Slime Pits.
 17035 | Lair:6   | Reached skill level 12 in Necromancy
 17353 | Lair:4   | Reached skill level 1 in Armour
 17580 | Lair:4   | Noticed Kirke
 17622 | Lair:4   | Killed Kirke
 17622 | Lair:4   | Reached skill level 3 in Fighting
 17716 | Lair:4   | Reached skill level 5 in Shields
 17746 | Lair:4   | Reached skill level 4 in Fighting
 18065 | Lair:2   | Reached skill level 6 in Shields
 18968 | D:10     | Reached skill level 5 in Fighting
 19276 | D:10     | Gained mutation: You resist negative energy. (rN+) [Deep Dwarf growth]
 19276 | D:10     | Reached XP level 14. HP: 114/117 MP: 19/19
 19738 | D:11     | Found Babethus's Armour Shoppe.
 19746 | D:11     | Bought a +3 leather armour of cold resistance for 360 gold pieces
 19786 | D:11     | Noticed Lasiace's ghost (journeyman OgHu)
 19813 | D:11     | Killed Lasiace's ghost
 19813 | D:11     | Reached skill level 7 in Shields
 20278 | D:11     | Found Zudyratu's Assorted Antiques.
 20315 | D:11     | Reached skill level 6 in Fighting
 20397 | D:11     | Bought a potion of heal wounds for 135 gold pieces
 20397 | D:11     | Bought a scroll of identify for 54 gold pieces
 20404 | D:11     | Found Siutzidd's Weapon Emporium.
 20405 | D:11     | Found Niplat's Book Shop.
 20562 | D:11     | Found Daer's Gadget Shoppe.
 20673 | D:12     | Reached skill level 8 in Shields
 20944 | D:12     | Found a roughly hewn altar of Beogh.
 20944 | D:12     | Found a staircase to the Orcish Mines.
 21398 | D:12     | Found Tallet Zuruq's Blood Bar.
 21516 | D:13     | Reached skill level 7 in Fighting
 21608 | D:13     | HP: 25/123 [catoblepas (29)]
 21613 | D:13     | Reached skill level 9 in Shields
 21701 | D:13     | Noticed Snorg
 21716 | D:13     | Killed Snorg
 21830 | D:13     | Found a gate to the Vaults.
 22000 | D:13     | Found a glowing silver altar of Zin.
 22088 | D:13     | Reached skill level 8 in Fighting
 22133 | D:13     | Noticed Erolcha
 22158 | D:12     | Killed Erolcha
 22158 | D:12     | Reached skill level 10 in Shields
 22314 | D:13     | Noticed Urug
 22337 | D:13     | Killed Urug
 22532 | Orc:1    | Entered Level 1 of the Orcish Mines
 22558 | Orc:1    | Found Zat Pymp's Antique Weapon Shop.
 22862 | Orc:2    | Entered Level 2 of the Orcish Mines
 23101 | Orc:2    | Found a roughly hewn altar of Beogh.
 23193 | Orc:2    | Found a staircase to the Elven Halls.
 23318 | Orc:2    | Noticed Saint Roka
 23337 | Orc:2    | Found a roughly hewn altar of Beogh.
 23400 | Orc:2    | HP: 15/127 [orc warrior/scimitar[Saint Roka] (22)]
 23408 | Orc:2    | Killed Saint Roka
 23408 | Orc:2    | Reached skill level 9 in Fighting
 23548 | Orc:2    | Reached skill level 11 in Shields
 23584 | Orc:2    | Found Izi Nyn's Antique Armour Shoppe.
 23585 | Orc:2    | Found a roughly hewn altar of Beogh.
 23588 | Orc:2    | Found Nosaxyw's Antique Weapon Emporium.
 23599 | Orc:2    | Bought a pair of faintly glowing boots for 294 gold pieces
 23611 | Orc:2    | Identified the +1 pair of boots "Avaenirch" {MR- Regen+ SInv Stlth+} (You bought it in a shop on level 2 of the Orcish Mines)
 23730 | Orc:2    | Reached XP level 15. HP: 110/135 MP: 20/20
 23885 | Orc:2    | Found a roughly hewn altar of Beogh.
 23886 | Orc:2    | Found Zaopla's Weapon Emporium.
 24031 | Orc:2    | Found a roughly hewn altar of Beogh.
 24052 | Orc:2    | Found Huasuur's Weapon Shoppe.
 24176 | Orc:2    | Found a roughly hewn altar of Beogh.
 24288 | D:11     | Bought a book of Death for 1120 gold pieces
 24294 | D:11     | Learned a level 5 spell: Bolt of Draining
 24297 | D:11     | Learned a level 2 spell: Sublimation of Blood
 24303 | D:11     | Learned a level 5 spell: Dispel Undead
 24343 | D:14     | Found a white marble altar of Elyvilon.
 24491 | D:14     | Noticed Agnes
 24504 | D:14     | Killed Agnes
 24504 | D:14     | Reached skill level 1 in Conjurations
 24645 | D:14     | Noticed Josephine
 24652 | D:14     | Reached skill level 2 in Conjurations
 24685 | D:14     | Killed Josephine
 24707 | D:14     | Reached skill level 10 in Fighting
 24742 | D:14     | Reached skill level 3 in Conjurations
 24897 | D:14     | Noticed Frances
 24909 | D:14     | HP: 30/138 [Frances/long sword (19)]
 24960 | D:15     | Entered Level 15 of the Dungeon
 25145 | D:15     | Found Pydonomn's Weapon Shoppe.
 25210 | D:15     | Reached skill level 4 in Conjurations
 25306 | D:15     | HP: 30/140 [rakshasa/orb of energy (16)]
 25397 | D:15     | HP: 22/140 [rakshasa/whip (8)]
 25411 | D:15     | HP: 27/140 [yaktaur (shapeshifter) (6)]
 25414 | D:15     | HP: 13/140 [yaktaur (shapeshifter) (12)]
 25514 | D:14     | HP: 28/140 [Frances/long sword (11)]
 25517 | D:15     | Paralysed by a giant eyeball for 4 turns
 25519 | D:15     | HP: 19/140 [Frances/long sword (5)]
 25559 | D:15     | HP: 16/140 [hill giant/giant club (5)]
 25634 | D:15     | Noticed Roxanne
 26025 | Spider:1 | Entered Level 1 of the Spider Nest
 26052 | Spider:1 | Reached skill level 5 in Conjurations
 26166 | Lair:4   | Reached skill level 11 in Fighting
 26175 | Lair:4   | HP: 32/141 [wolf spider (5)]
 26232 | Spider:1 | HP: 23/141 [disintegration (29)]
 26378 | Spider:1 | Reached skill level 6 in Conjurations
 26464 | Lair:4   | HP: 33/142 [wolf spider (3)]
 26469 | Lair:4   | HP: 30/142 [wolf spider (7)]
 27598 | Spider:2 | Noticed a ghost moth
 27610 | Spider:2 | Killed a ghost moth
 27721 | Spider:2 | Reached XP level 16. HP: 125/151 MP: 1/21
 28406 | Spider:3 | Noticed Mara
 28491 | Spider:3 | Noticed Sixotanaka's illusion
 28496 | Spider:3 | HP: 37/151 [Mara/demon trident of flaming (14)]
 28650 | Spider:3 | Reached skill level 12 in Dodging
 28712 | Spider:3 | Noticed Arachne
 28713 | Spider:3 | Noticed Jorgrun
 28742 | Spider:3 | Killed Jorgrun
 28797 | Spider:3 | Killed Arachne
 28987 | Spider:3 | Noticed Sixotanaka's illusion
 29032 | Spider:4 | Entered Level 4 of the Spider Nest
 29228 | Spider:4 | HP: 36/151 [demonic crawler (2)]
 29499 | Spider:4 | Reached skill level 13 in Dodging
 29812 | Spider:4 | Reached skill level 13 in Necromancy
 30539 | Spider:4 | HP: 37/151 [ghost moth (7)]
 30540 | Spider:4 | Reached skill level 14 in Dodging
 30609 | Spider:4 | HP: 20/151 [redback (3)]
 30946 | Spider:4 | HP: 26/151 [spark wasp (15)]
 30952 | Spider:4 | HP: 33/226 [spark wasp (15)]
 30960 | Spider:4 | HP: 15/226 [spark wasp (4)]
 30960 | Spider:4 | HP: 5/226 [spark wasp (10)]
 31289 | Spider:4 | Got a gossamer rune of Zot
 31440 | Spider:4 | HP: 23/151 [spark wasp (15)]
 31441 | Spider:4 | HP: 4/151 [spark wasp (19)]
 31441 | Spider:4 | Mangled by a spark wasp

Action                   |  1- 3 |  4- 6 |  7- 9 | 10-12 | 13-15 | 16-18 || total
-------------------------+-------+-------+-------+-------+-------+-------++-------
Melee: Dagger            |    22 |       |       |   127 |       |       ||   149
       Quarterstaff      |    31 |     4 |       |       |       |       ||    35
       Whip              |       |    31 |   394 |   306 |       |       ||   731
       Flail             |       |       |       |   366 |  1617 |   546 ||  2529
Throw: Javelin           |       |       |       |     4 |    27 |    16 ||    47
 Cast: Pain              |    52 |    22 |     3 |    35 |    20 |     2 ||   134
       Vampiric Draining |    12 |    12 |    80 |   146 |   240 |   126 ||   616
       Animate Skeleton  |       |       |     7 |    52 |   143 |     1 ||   203
       Repel Missiles    |       |       |       |     1 |     1 |       ||     2
       Bolt of Draining  |       |       |       |       |    21 |    44 ||    65
Invok: Major Destruction |       |       |       |     1 |       |       ||     1
Evoke: Wand              |       |     4 |     1 |    10 |    12 |     1 ||    28
       Sack of spiders   |       |       |       |       |     2 |       ||     2
       Fan of gales      |       |       |       |       |       |     1 ||     1
       Lamp of fire      |       |       |       |       |       |     1 ||     1
       Phantom mirror    |       |       |       |       |       |     1 ||     1
  Use: Scroll            |     4 |     4 |     6 |    17 |    11 |     7 ||    49
       Potion            |       |     5 |     3 |     4 |     9 |    12 ||    33
 Stab: Sleeping          |       |     1 |     3 |     5 |    11 |       ||    20
       Distracted        |       |       |     1 |     1 |     3 |     2 ||     7
       Petrified         |       |       |       |       |     1 |       ||     1
       Invisible         |       |       |       |       |    10 |       ||    10
       Paralysed         |       |       |       |       |     9 |       ||     9
  Eat: Chunk             |     5 |       |    23 |    12 |    44 |     5 ||    89
       Royal jelly       |     1 |       |       |       |       |       ||     1
       Meat ration       |     1 |       |       |     2 |     2 |     6 ||    11
       Bread ration      |       |     1 |       |       |     1 |       ||     2
       Pizza             |       |       |     1 |     2 |     1 |     1 ||     5
       Beef jerky        |       |       |       |     4 |     2 |       ||     6
Armor: Robe              |    20 |    12 |    20 |       |       |       ||    52
       Skin              |       |       |    24 |       |       |       ||    24
       Leather armour    |       |       |    58 |   164 |   439 |   294 ||   955
Dodge: Dodged            |    48 |    33 |   148 |   606 |  1302 |   940 ||  3077
       Deflected         |       |       |       |     2 |     1 |       ||     3
Block: Buckler           |       |       |    10 |   177 |   528 |   320 ||  1035
